 Dungeon Crawl Stone Soup version 0.27.1-33-g824d729ab1 (webtiles) character file.

Game seed: 13666166906686325166

332 MisterFreud the Skirmisher (level 6, -3/58 HPs)
             Began as a Minotaur Abyssal Knight on Dec 29, 2021.
             Was a Believer of Lugonu.
             Slain by an orc warrior (9 damage)
             ... on level 7 of the Dungeon.
             The game lasted 00:03:59 (3289 turns).

MisterFreud the Skirmisher (MiAK)                   Turns: 3289, Time: 00:03:59

Health: -3/58      AC: 13    Str: 17 (18) XL:     6   Next: 26%
Magic:  6/6        EV:  7    Int:  8 (9)  God:    Lugonu [**....]
Gold:   114        SH:  0    Dex:  7 (10) Spells: 5/5 levels left

rFire    . . .     SeeInvis .   j - +0 hand axe (elec)
rCold    . . .     Faith    .   (no shield)
rNeg     + . .     Spirit   .   k - +2 chain mail {rN+}
rPois    .         Reflect  .   (helmet restricted)
rElec    .         Harm     .   (no cloak)
rCorr    .         Rampage  .   m - +1 pair of gloves
Will     .....                  (no boots)
Stlth    ..........             (no amulet)
HPRegen  0.19/turn              (no ring)
MPRegen  0.10/turn              (no ring)

@: attractive
A: horns 2, retaliatory headbutt
a: Renounce Religion, Depart the Abyss, Bend Space


You were on level 7 of the Dungeon.
You worshipped Lugonu.
Lugonu was pleased with you.
You visited 1 branch of the dungeon, and saw 5 of its levels.
You visited the Abyss 1 time.

You collected 114 gold pieces.

Inventory:

Hand Weapons
 a - a +1 falchion
 j - a +0 hand axe of electrocution (weapon)
Missiles
 n - 4 javelins
Armour
 b - a +0 leather armour
 k - a +2 chain mail of positive energy (worn)
 m - a +1 pair of gloves (worn)
Jewellery
 g - a ring of positive energy
Wands
 o - a wand of acid (6)
Scrolls
 c - 3 scrolls of enchant armour {unknown}
 d - 3 scrolls of torment {unknown}
 l - a scroll of identify {unknown}
Potions
 e - a potion of attraction
 f - 2 potions of curing


   Skills:
 + Level 6.6 Fighting
 - Level 2.4 Long Blades
 * Level 4.0 Axes
 + Level 3.9 Armour
 - Level 1.1 Dodging
 - Level 1.7 Invocations


You had 5 spell levels left.
You didn't know any spells.
Your spell library contained the following spells:

 Spells                   Type           Power      Damage    Failure   Level
 Airstrike                Air            0%         N/A       100%        4
 Summon Lightning Spire   Summ/Air       0%         N/A       100%        4
 Lightning Bolt           Conj/Air       0%         1d11      100%        5


Dungeon Overview and Level Annotations

Branches:
Dungeon (7/15)
 Temple: D:4-7

Altars:
Dithmenos
Kikubaaqudgha

Annotations:
D:3 2 runed translucent doors


Innate Abilities, Weirdness & Mutations

You have a pair of horns on your head.
You reflexively headbutt those who attack you in melee.


Message History

The orc warrior hits you but does no damage.
The orc priest calls down the wrath of Beogh upon you.
Beogh smites you!
* * * LOW HITPOINT WARNING * * *
Unknown command.
Unknown command.
Unknown command.
Aiming: Corrosive Bolt
Press: ? - help, Shift-Dir - straight line, f - orc priest
Aim: an orc priest, wielding a +0 war axe (71% to hit)
The bolt of acid hits the orc priest.
The orc priest is splashed with acid!
The acid corrodes the orc priest!
The orc priest is severely wounded.
The bolt of acid hits the orc warrior.
The orc warrior is splashed with acid!
The acid corrodes the orc warrior!
The orc warrior is moderately wounded.
The bolt of acid misses the orc priest.
The orc priest hits you but does no damage.
The orc warrior completely misses you.
The orc priest casts a cantrip, but nothing happens.
Unknown command.
Aiming: Corrosive Bolt
Press: ? - help, Shift-Dir - straight line, f/p - orc priest
Aim: an orc priest, wielding a +0 war axe (71% to hit)
The bolt of acid hits the orc priest!
The orc priest is splashed with acid.
The orc priest seems to be corroded for longer.
You kill the orc priest!
Lugonu accepts your kill.
The bolt of acid misses the orc warrior.
The bolt of acid misses the orc priest.
The orc warrior hits you with a +0 short sword!
* * * LOW HITPOINT WARNING * * *
Your Axes skill increases to level 4!
Unknown command.
Unknown command.
It was a potion of degeneration.
There was something very wrong with that liquid.
You feel weakened.
You feel dopey.
You feel clumsy.
The orc warrior hits you with a +0 short sword!
You die...

..# #(........# ...#
..###..#.#.#..##..o##
...................o.
.............?.....#
.#####.#.........#.##
.# #.###...........
.# #........##o#.##
.# #######o###o# # .#
#.# #@# .#
######o###o#.#### .#
......o...ooo......
.#
#.....o.......#####
.# ###########.### <#
#.# ## ###


You could see 2 orc warriors, an orc priest and 3 orcs.

Vanquished Creatures
  A wyvern zombie (D:7)
  3 orc priests
  Terence (D:2)
  2 orc wizards
  A hound zombie (D:3)
  2 adders
  An ufetubus (D:3)
  2 dart slugs
  6 orcs
  5 ball pythons
  3 endoplasms (D:1)
  2 giant cockroaches
  7 goblins
  5 hobgoblins
  3 jackals (D:1)
  4 kobolds
  A quokka (D:3)
  5 bats
  3 frilled lizards
  4 rats
61 creatures vanquished.

Notes
Turn   | Place    | Note
-------+----------+-------------------------------------------
     0 | Abyss:1  | MisterFreud the Minotaur Abyssal Knight began the quest for
                  | the Orb.
     0 | Abyss:1  | Reached XP level 1. HP: 19/19 MP: 1/1
    13 | D:1      | Escaped the Abyss
    30 | D:1      | Reached skill level 4 in Fighting
   152 | D:1      | Reached XP level 2. HP: 24/28 MP: 2/2
   202 | D:1      | Found a faded altar of an unknown god.
   549 | D:1      | Reached skill level 5 in Fighting
   659 | D:1      | Reached XP level 3. HP: 33/36 MP: 3/3
   738 | D:1      | Reached ** piety under Lugonu
  1677 | D:2      | Noticed Terence
  1723 | D:2      | Killed Terence
  1724 | D:2      | Reached XP level 4. HP: 31/44 MP: 4/4
  2116 | D:3      | Reached skill level 6 in Fighting
  2165 | D:2      | Reached skill level 1 in Axes
  2479 | D:3      | Found a shadowy altar of Dithmenos.
  2501 | D:3      | Reached XP level 5. HP: 46/50 MP: 5/5
  2736 | D:3      | Found an ancient bone altar of Kikubaaqudgha.
  2980 | D:3      | Found a large runed translucent door.
  2981 | D:3      | Found a large runed translucent door.
  2996 | D:3      | You fall into a shaft and drop 3 floors!
  2996 | D:6      | Noticed an ogre
  3242 | D:7      | Reached XP level 6. HP: 43/58 MP: 6/6
  3265 | D:7      | Noticed an orc warrior
  3274 | D:7      | Noticed an orc warrior
  3289 | D:7      | Slain by an orc warrior

Illustrated notes

Levels and vault maps discovered:
D:1:      dpeg_arrival_pits, layout_basic, basic_ecumenical_altar,
          serial_co_window_serial, co_window_corner_a, co_window_corner_a,
          co_window_corner_a, co_window_paths_a, co_window_paths_a,
          co_window_corner_a, co_window_paths_b, co_window_paths_a,
          co_window_corner_a, co_window_paths_c, co_window_broadway_b,
          co_window_of_opportunity_b, co_window_corner_b,
          co_window_of_opportunity_c, co_window_corner_b, co_window_4corner_b,
          glass_columns_b, glass_columns_a, glass_columns_c
D:2:      layout_basic, uniq_terence
D:3:      layout_rooms, grunt_dithmenos_smoke, mainiacjoe_overflow_paths,
          jmf_multi_god_temple2
D:6:      layout_gridville, gammafunk_temple_overflow_wave,
          kennysheep_generic_room_2
D:7:      layout_basic, lemuel_doored_altar, temple_pool_b, serial_shops, shop,
          shop, nicolae_shop_stone, nicolae_shop_trees, shop, st_stairs_9

Skill      XL: |  1  2  3  4  5  6 |
---------------+-------------------+-----
Fighting       | 4 5 6 |  6.6
Axes           | 2 3 4 |  4.0
Armour         | 3 |  3.9
Long Blades    | |  2.4
Dodging        | |  1.1
Invocations    | |  1.7

Action                   |  1- 3 |  4- 6 || total
-------------------------+-------+-------++-------
Melee: Falchion          |    51 |       ||    51
       Headbutt          |     9 |    11 ||    20
       Hand axe          |       |    60 ||    60
Evoke: Wand              |       |     2 ||     2
  Use: Potion            |       |     4 ||     4
Armor: Leather armour    |    11 |       ||    11
       Chain mail        |       |    53 ||    53
Dodge: Dodged            |    37 |    42 ||    79
       Rpst.: Falchion   |    17 |       ||    17
